 Dungeon Crawl Stone Soup version 0.28.0-53-g5a82cb258f (webtiles) character file.

Game seed: 16268093784392481440

100 yokelz the Insei (level 5, 0/37 HPs)
             Began as a Djinni Transmuter on Aug 6, 2022.
             Slain by a gnoll
             ... wielding a +0 club
              (2 damage)
             ... on level 2 of the Dungeon.
             The game lasted 00:06:47 (3609 turns).

yokelz the Insei (Djinni Transmuter)                Turns: 3609, Time: 00:06:48

Health: 0/37       AC:  3    Str:  9    XL:     5   Next: 3%
Gold:   94         EV: 11    Int: 17    God:
                   SH:  0    Dex: 13

rFire   + + .      SeeInvis .   e - +4 rapier
rCold   x . .      Faith    .   (no shield)
rNeg    . . .      Spirit   .   k - +0 leather armour
rPois   ∞          Reflect  .   (no helmet)
rElec   .          Harm     .   (no cloak)
rCorr   .          Rampage  .   (no gloves)
Will    .....                   (boots unavailable)
Stlth   +.........              (no amulet)
HPRegen 0.12/turn               (no ring)
MPRegen 0.00/turn               (no ring)

@: flying
A: sickness immunity, fire resistance 2, cold vulnerability 1, float, innate
caster, HP casting, extra vitality 1
a: no special abilities


You were on level 2 of the Dungeon.
You visited 1 branch of the dungeon, and saw 2 of its levels.

You collected 94 gold pieces.

Inventory:

Hand Weapons
 e - a +4 rapier (weapon)
Missiles
 j - 3 boomerangs
Armour
 a - a +0 robe
 k - a +0 leather armour (worn)
Scrolls
 b - a scroll of identify {unknown}
 c - 2 scrolls of teleportation {unknown}
 h - 3 scrolls of magic mapping {unknown}
 i - a scroll of fog {unknown}
Potions
 f - a potion of berserk rage {unknown}
 g - a potion of cancellation {unknown}


   Skills:
 - Level 1.0 Fighting
 - Level 2.1 Dodging
 + Level 4.4 Unarmed Combat
 + Level 2.7 Spellcasting


You couldn't memorise any spells.
You knew the following spells:

 Your Spells              Type           Power      Damage    Failure   Level
a - Beastly Appendage     Tmut           22%        N/A       9%          1
b - Wereblood             Tmut           11%        N/A       13%         2
c - Spider Form           Tmut/Pois      11%        N/A       26%         3
d - Ice Form              Ice/Tmut       11%        N/A       63%         4
e - Slow                  Hex            44%        N/A       9%          1
f - Poisonous Vapours     Pois/Air       22%        N/A       13%         2
Your spell library was empty.

Dungeon Overview and Level Annotations

Branches:
Dungeon (2/15)

Altars:
Uskayaw

Shops:
D:1 (


Innate Abilities, Weirdness & Mutations

You are immune to sickness and miasma.
You are immune to poison.
Your flesh is very heat resistant. (rF++)
You are vulnerable to cold. (rC-)
You float through the air rather than walking.
You learn spells naturally, not from books.
Your magical power is your life essence.
You have superior vitality. (+4 MHP)


Message History

The gnoll misses you. x2
You hit the gnoll.
The gnoll looks as sick as possible!
The gnoll is severely wounded.
The gnoll misses you. The gnoll closely misses you.
You hit the gnoll but do no damage.
The gnoll looks as sick as possible!
The gnoll is severely wounded.
The gnoll misses you. x2
There is a stone staircase leading up here.
You kill the gnoll!
You have reached level 5!
The power to cast Poisonous Vapours wells up from within.
Spell assigned to 'f'.
Your transformation is almost over.
There is a stone staircase leading up here.
The gnoll misses you.
You fly upwards.
There is a stone staircase leading down here.
You start resting.
Your transformation has ended.
Your +4 rapier unmelds from your body.
Your +0 leather armour unmelds from your body.
You start resting.
HP restored.
You fly downwards.
The gnoll hits you from afar with a +0 halberd!
The gnoll misses you.
The gnoll hits you from afar with a +0 halberd.
There is a stone staircase leading up here.
Unknown command.
Casting: Spider Form (quite dangerous; 26% risk of failure)
Confirm with . or Enter, or press ? or * to list all spells.
Aiming: Poisonous Vapours (safe; 13% risk of failure)
Press: ? - help, Dir - move target, f - gnoll
Aim: a gnoll, wielding a +0 halberd Poisonous vapours surround the gnoll!
The gnoll is poisoned.
The gnoll hits you with a +0 club.
The gnoll hits you from afar with a +0 halberd!
* * * LOW HITPOINT WARNING * * *
The gnoll hits you with a +0 club.
You die...

g. #....).).....# #....#
.. #............# #....#
. #............# #....#
#.>....)...).####....###
#........................
#................#...####
#................#...#
#............#####...#
#...........@# #...#
#.........gg.######+##
#..<........).....#
#.#'#####.........#
#####:#.# #.......<.#
......#)# #.........#.#..
#######.# #.........#.#.#
g.gg....#
...#######.#.#.#
#########
....#######.#.#.#


You could see 2 gnolls.

Vanquished Creatures
  5 gnolls
  An adder (D:2)
  A worm (D:2)
  4 endoplasms
  2 giant cockroaches (D:1)
  3 goblins
  3 hobgoblins
  4 jackals (D:1)
  A quokka (D:1)
  5 ball pythons
  5 bats (D:2)
  2 frilled lizards (D:1)
  3 kobolds
  3 rats
42 creatures vanquished.

Notes
Turn   | Place    | Note
-------+----------+-------------------------------------------
     0 | D:1      | yokelz the Djinni Transmuter began the quest for the Orb.
     0 | D:1      | Reached XP level 1. HP: 17/17 MP: 0/0
   108 | D:1      | Found Iqaymm's Weapon Emporium.
   253 | D:1      | Reached XP level 2. HP: 15/22 MP: 0/0
   445 | D:1      | Found a faded altar of an unknown god.
   630 | D:1      | Reached skill level 4 in Unarmed Combat
   630 | D:1      | Reached XP level 3. HP: 14/27 MP: 0/0
   630 | D:1      | Learned a level 1 spell: Slow
  1262 | D:2      | Found a hide-covered altar of Uskayaw.
  1439 | D:2      | Reached XP level 4. HP: 24/32 MP: 0/0
  2093 | D:2      | HP: 1/32 [gnoll/+0 spear (7)]
  2100 | D:2      | HP: 1/32 [gnoll/+0 spear (4)]
  3462 | D:2      | Reached XP level 5. HP: 19/37 MP: 0/0
  3462 | D:2      | Learned a level 2 spell: Poisonous Vapours
  3609 | D:2      | Slain by a gnoll

Illustrated notes

Levels and vault maps discovered:
D:1:      wander_arrival_fairy_ring, layout_loops_ring,
          ebering_ecumenical_altar_webs, serial_shops, nicolae_shop_statue_plus,
          serial_bayou_crossing
D:2:      layout_basic, basic_altar, uniq_robin

Skill      XL: |  1  2  3 |
---------------+----------+-----
Unarmed Combat | 4 |  4.4
Spellcasting   | 2 |  2.7
Fighting       | |  1.0
Dodging        | |  2.1

Action                   |  1- 3 |  4- 6 || total
-------------------------+-------+-------++-------
Melee: Rapier            |    56 |    37 ||    93
       Unarmed           |     7 |     4 ||    11
       Headbutt          |     4 |       ||     4
       Punch             |     1 |     1 ||     2
 Cast: Beastly Appendage |     5 |       ||     5
       Spider Form       |     1 |     2 ||     3
       Wereblood         |       |     1 ||     1
       Poisonous Vapours |       |     1 ||     1
  Use: Potion            |       |     2 ||     2
Armor: Robe              |    13 |       ||    13
       Leather armour    |     2 |    10 ||    12
Dodge: Dodged            |    42 |    41 ||    83
